 Dungeon Crawl Stone Soup version 0.23-a0-650-ga4d50d4 (webtiles) character file.

63 Amnesiac the Ducker (level 3, 0/19 HPs)
             Began as a Spriggan Berserker on Jan 3, 2019.
             Was a Believer of Trog.
             Succumbed to an adder's poison
             ... on level 3 of the Dungeon.
             The game lasted 00:02:21 (1512 turns).

Amnesiac the Ducker (Spriggan Berserker)            Turns: 1512, Time: 00:02:21

Health: 0/19       AC:  2    Str: 14    XL:     3   Next: 89%
Magic:  4/4        EV: 20    Int:  8    God:    Trog [**....]
Gold:   59         SH:  0    Dex: 15    Spells: 2/2 levels left

rFire    . . .     SeeInvis +   a - +0 falchion
rCold    . . .     Gourm    .   (shield restricted)
rNeg     . . .     Faith    .   b - +0 animal skin
rPois    .         Spirit   .   (helmet restricted)
rElec    .         Reflect  .   (no cloak)
rCorr    .         Harm     .   (gloves unavailable)
MR       +....                  (boots unavailable)
Stlth    +.........             (no amulet)
HPRegen  0.06/turn              f - ring of protection from magic
MPRegen  0.09/turn              (no ring)

@: lethally poisoned (0 -> -7), very quick
A: very small, unfitting armour, see invisible, herbivore, speed 3, slow
metabolism 2
a: Berserk, Trog's Hand, Renounce Religion


You were on level 3 of the Dungeon.
You worshipped Trog.
Trog was pleased with you.
You were not hungry.

You visited 1 branch of the dungeon, and saw 3 of its levels.

You collected 59 gold pieces.

Inventory:

Hand Weapons
 a - a +0 falchion (weapon)
 i - a +0 spear
Missiles
 g - a throwing net (quivered)
Armour
 b - a +0 animal skin (worn)
Jewellery
 f - a ring of protection from magic (left hand)
Scrolls
 d - 2 scrolls of enchant armour {!r, unknown}
 e - 2 scrolls of teleportation {!r, unknown}
 h - 2 scrolls of identify {!r, unknown}
Comestibles
 c - 2 rations


   Skills:
 + Level 2.9 Fighting
 * Level 3.3 Long Blades
 + Level 5.2 Dodging


You had 2 spell levels left.
You didn't know any spells.
Your spell library was empty.

Dungeon Overview and Level Annotations

Branches:
Dungeon (3/15)

Altars:

Annotations:
D:2 Robin, Terence


Innate Abilities, Weirdness & Mutations

You are very small and have problems with some larger weapons.
You are too small for most types of armour.
You have supernaturally acute eyesight. (SInv)
You are a herbivore.
You cover ground extremely quickly.
You need to consume almost no food.


Message History

The goblin closely misses you.
You hit the goblin.
The goblin is severely wounded.
The goblin hits you but does no damage.
You barely miss the goblin.
The goblin is severely wounded.
The goblin hits you but does no damage. The goblin closely misses you.
You barely miss the goblin.
The goblin is severely wounded.
The goblin completely misses you.
You riposte.
You hit the goblin.
You kill the goblin!
Trog accepts your kill.
You hit the adder.
The adder is heavily wounded.
The adder misses you.
You closely miss the adder.
The adder is heavily wounded.
The adder bites you.
You are poisoned.
The adder poisons you! The adder bites you.
You are more poisoned.
The adder poisons you!
You closely miss the adder.
The adder is moderately wounded.
You feel sick. The adder closely misses you.
You miss the adder.
The adder is moderately wounded.
You feel sick. The adder barely misses you.
You closely miss the adder.
The adder is moderately wounded.
You feel sick. The adder bites you.
You are lethally poisoned!
The adder poisons you! The adder misses you.
You riposte.
You hit the adder.
The adder is almost dead.
You barely miss the adder.
The adder is almost dead.
You feel sick. The adder bites you.
* * * LOW HITPOINT WARNING * * *
You slash the adder!
You kill the adder!
Trog accepts your kill.
* * * LOW HITPOINT WARNING * * *
You feel sick.
A goblin comes into view. It is wielding a +0 club.
You aren't carrying any potions.
Okay, then.
* * * LOW HITPOINT WARNING * * *
You feel sick.
A jackal comes into view.
* * * LOW HITPOINT WARNING * * *
You feel sick.
Found a scroll labeled QIQURI ZYATSE.
Found a scroll labeled HOHIRAU IDWYET.
A jackal comes into view.
* * * LOW HITPOINT WARNING * * *
You feel sick.
Found a metal-bound book.
* * * LOW HITPOINT WARNING * * *
You feel sick.
* * * LOW HITPOINT WARNING * * *
You feel sick.
Found 9 gold pieces.
Found a grey potion.
Found a stone staircase leading up.
You die...

#?......#.#$ro .......
h.?####.#.#%..#.g.....
.........r####.##.....
....:##.......# ......
#........#.#..##.##...
#..####..#.#g...# ...
#. .............##.# .
#####.###......#
#..<@......#
######.#$.... .# ....
.. ... #.. .! .# # .#


You could see a goblin.

Vanquished Creatures
  2 adders (D:3)
  3 dart slugs (D:1)
  A leopard gecko (D:1)
  A ball python (D:1)
  2 giant cockroaches (D:1)
  7 goblins
  5 hobgoblins (D:1)
  4 jackals (D:1)
  2 bats (D:1)
  3 frilled lizards (D:1)
  2 kobolds (D:1)
  3 rats
35 creatures vanquished.

Notes
Turn   | Place    | Note
-------+----------+-------------------------------------------
     0 | D:1      | Amnesiac the Spriggan Berserker began the quest for the
                  | Orb.
     0 | D:1      | Reached XP level 1. HP: 11/11 MP: 2/2
    68 | D:1      | Reached XP level 2. HP: 13/16 MP: 3/3
   513 | D:1      | Reached XP level 3. HP: 15/19 MP: 4/4
   520 | D:1      | Reached ** piety under Trog
   930 | D:2      | Noticed Terence
   977 | D:2      | Noticed Robin
   998 | D:1      | Reached skill level 5 in Dodging
  1512 | D:3      | Succumbed to an adder's poison

Vault maps used:
D:1:      nzn_arrival_depleted_hourglass
D:2:      uniq_terence, uniq_robin
D:3:      kennysheep_goblin_castle, minmay_vboxes

Skill      XL: |  1  2  3 |
---------------+----------+-----
Long Blades    | 3 |  3.3
Dodging        | 5 |  5.2
Fighting       | |  2.9

Action                   || total
-------------------------++-------
Melee: Falchion          ||    88
Armor: Animal skin       ||     9
Dodge: Dodged            ||    83
       Rpst.: Falchion   ||    25

Table legend:
 A = Non-vault XP
 B = Vault XP
 C = Vault XP percentage of total XP
 D = Non-vault monster count
 E = Vault monster count
 F = Vault count percentage of total count
                 A         B        C        D         E       F
            +---------+---------+-------+---------+---------+-------
      Total |      69 |      22 |  24.2 |      30 |       5 |  14.3
            +---------+---------+-------+---------+---------+-------
        D:1 |      55 |       4 |   6.8 |      28 |       2 |   6.7
        D:2 |       1 |       2 |  66.7 |       1 |       1 |  50.0
        D:3 |      13 |      16 |  55.2 |       1 |       2 |  66.7
            +---------+---------+-------+---------+---------+-------
